 Dungeon Crawl Stone Soup version 0.29-a0-334-gb41bcbb86e (webtiles) character file.

Game seed: 9140083951550567880

27455 chopper the Severer (level 13, -3/116 HPs)
             Began as a Minotaur Fighter on Apr 13, 2022.
             Was a Priest of Qazlal.
             Asphyxiated
             ... on level 9 of the Dungeon on Apr 14, 2022.
             The game lasted 01:33:24 (17465 turns).

chopper the Severer (Minotaur Fighter)             Turns: 17465, Time: 01:33:25

Health: -3/116     AC: 24    Str: 23    XL:     13   Next: 4%
Magic:  12/12      EV: 12    Int:  5    God:    Qazlal [***...]
Gold:   608        SH: 13    Dex: 13    Spells: 12/12 levels left

rFire   . . .      SeeInvis .   a - +7 war axe
rCold   . . .      Faith    .   c - +3 buckler
rNeg    . . .      Spirit   .   J - +0 plate armour
rPois   .          Reflect  .   (helmet restricted)
rElec   .          Harm     .   b - +2 cloak
rCorr   .          Rampage  .   (no gloves)
Will    .....                   P - +0 pair of boots
Stlth   ..........              (no amulet)
HPRegen 0.29/turn               m - +4 ring of protection
MPRegen 0.13/turn               E - +4 ring of evasion

@: lethally poisoned (-3 -> -17), slowed, invisible, very slow
A: horns 2, retaliatory headbutt
a: Renounce Religion, Upheaval, Elemental Force


You were on level 9 of the Dungeon.
You worshipped Qazlal.
Qazlal was most pleased with you.
You visited 3 branches of the dungeon, and saw 13 of its levels.

You collected 608 gold pieces.

Inventory:

Hand Weapons
 a - a +7 war axe (weapon)
 i - a +1 short sword of electrocution
 z - a +4 whip
 I - the +1 hunting sling of Ignis's Hope {speed, Str+6}
   (You took it off a gnoll on level 6 of the Dungeon)

   Attacks with this weapon are significantly faster.
   Str:       It affects your strength (+6).
 K - a +4 falchion
 M - a +4 great sword
 W - a +0 dagger
Missiles
 w - 7 boomerangs (quivered)
 H - 4 javelins
 U - a throwing net
Armour
 b - a +2 cloak (worn)
 c - a +3 buckler (worn)
 J - a +0 plate armour (worn)
 P - a +0 pair of boots (worn)
 T - the +8 ring mail "Qiuzxum" {+Blink rC+ Will- Int+4}
   (You found it on level 3 of the Lair of Beasts)

   Int:       It affects your intelligence (+4).
   rC:        It protects you from cold.
   +Blink:    It lets you blink.
   Will:      It decreases your willpower.
Jewellery
 m - a +4 ring of protection (left hand)
 u - a ring of ice
 C - a ring of see invisible
 E - a +4 ring of evasion (right hand)
 R - a ring of wizardry
Wands
 p - a wand of iceblast (6)
 Q - a wand of digging (7)
 V - a wand of acid (6)
Scrolls
 h - 3 scrolls of silence
 j - 5 scrolls of teleportation
 n - a scroll of holy word {unknown}
 o - 2 scrolls of fear
 q - 6 scrolls of immolation
 r - 2 scrolls of torment
 v - a scroll of summoning {unknown}
 y - 5 scrolls of amnesia
 A - 3 scrolls of noise
 D - a scroll of brand weapon {unknown}
 G - 2 scrolls of vulnerability
 N - a scroll of magic mapping {unknown}
 S - a scroll of fog {unknown}
Potions
 d - a potion of might
 e - 7 potions of attraction
 f - a potion of degeneration
 g - 2 potions of haste
 k - 3 potions of flight {unknown}
 s - a potion of mutation {unknown}
 t - 11 potions of curing
 x - a potion of cancellation {unknown}
 B - 2 potions of brilliance {unknown}
 L - 2 potions of magic {unknown}
 O - 2 potions of invisibility


   Skills:
 + Level 11.4 Fighting
 + Level 16.6 Axes
 + Level 5.9 Throwing
 + Level 12.7 Armour
 + Level 3.3 Dodging
 + Level 1.2 Stealth
 + Level 10.6 Shields
 + Level 0.5 Evocations


You had 12 spell levels left.
You didn't know any spells.
Your spell library contained the following spells:

 Spells                   Type           Power      Damage    Failure   Level
 Slow                     Hex            0%         N/A       100%        1
 Corpse Rot               Necr/Air       0%         N/A       100%        2
 Passwall                 Tmut/Erth      0%         N/A       100%        2
 Poisonous Vapours        Pois/Air       0%         N/A       100%        2
 Confusing Touch          Hex            0%         N/A       100%        3
 Gell's Gravitas          Tloc           0%         N/A       100%        3
 Lesser Beckoning         Tloc           0%         N/A       100%        3
 Stone Arrow              Conj/Erth      0%         3d7       100%        3
 Teleport Other           Tloc           0%         N/A       100%        3
 Tukima's Dance           Hex            0%         N/A       100%        3
 Vampiric Draining        Necr           0%         2d6       100%        3
 Animate Armour           Summ/Erth      0%         N/A       100%        4
 Animate Dead             Necr           0%         N/A       100%        4
 Leda's Liquefaction      Hex/Erth       0%         N/A       100%        4
 Passage of Golubria      Tloc           0%         N/A       100%        4
 Yara's Violent Unravell  Hex/Tmut       0%         3d3       100%        5
 Haunt                    Necr/Summ      0%         N/A       100%        7
 Borgnjor's Revivificati  Necr           0%         N/A       100%        8
 Infestation              Necr           0%         N/A       100%        8
 Lehudib's Crystal Spear  Conj/Erth      0%         10d2      100%        8


Dungeon Overview and Level Annotations

Branches:
Dungeon (9/15)             Temple (1/1) D:7            Lair (3/6) D:8
 Shoals (0/4) Lair:3       Spider (0/4) Lair:3          Orc (0/2) D:9

Altars:
Ashenzari
Cheibriados
Dithmenos
Elyvilon
Fedhas
Gozag
Hepliaklqana
Kikubaaqudgha
Makhleb
Nemelex Xobeh
Okawaru
Qazlal
Ru
Sif Muna
Trog
Vehumet
Wu Jian
Xom
Yredelemnul
Zin
The Shining One

Shops:
D:6 !


Innate Abilities, Weirdness & Mutations

You have a pair of horns on your head.
You reflexively headbutt those who attack you in melee.


Message History

The curare-tipped dart hits you.
You are poisoned.
You have difficulty breathing.
* * * LOW HITPOINT WARNING * * *
You feel as though you will be slow longer.
* * * LOW HITPOINT WARNING * * *
You feel very sick.
* * * LOW HITPOINT WARNING * * *
You feel sick.
The kobold brigand throws a curare-tipped dart.
You block the curare-tipped dart.
You see here 24 stones.
* * * LOW HITPOINT WARNING * * *
You feel sick.
* * * LOW HITPOINT WARNING * * *
You feel sick.
The kobold brigand throws a poisoned dart.
The poisoned dart closely misses you.
Unknown command.
You fade into invisibility!
* * * LOW HITPOINT WARNING * * *
You feel sick.
You are no longer poisoned.
The kobold brigand zaps a wand.
The bolt of acid hits the kobold brigand!!
The bolt of acid misses you.
The now-empty wand crumbles to dust.
The kobold brigand throws a curare-tipped dart.
The curare-tipped dart hits the kobold brigand.
The kobold brigand is poisoned.
The kobold brigand convulses.
The kobold brigand dies!
You are no longer corroded.
The kobold brigand throws a curare-tipped dart.
The curare-tipped dart closely misses you.
The kobold brigand throws a curare-tipped dart.
You block the curare-tipped dart.
The kobold brigand throws a curare-tipped dart.
The curare-tipped dart hits you.
You are lethally poisoned!
You have difficulty breathing.
You die...

.....).......#...............#
#####)###....#...............#
#K# ######...............# #K#
#..................# #.#
#####.####...####### #.#
###.####.#.########## #.#
#...................#
#(#########°####...######.#.#
#....K.)....@.......<.....#.#
################....#.#####.#
#....#.# #.# #########....#.#
#.# #..........#.#.# #.#
##########.#.#.#####.# #####
#.#.#.......# #...#
#.#.######### #.#.####.#.#


You could see a kobold brigand (can't see you).

Vanquished Creatures
  A hydra (Lair:2)
  A catoblepas (Lair:2)
  Erica (Lair:2)
  The ghost of zishaf the Wallflower, a journeyman VSBr of Uskayaw (D:9)
  3 death yaks (D:8)
  A lindwurm (Lair:2)
  5 elephants (Lair:2)
  A manticore (Lair:3)
  Joseph (D:7)
  2 black mambas
  10 cane toads
  7 komodo dragons
  3 kobold demonologists (D:9)
  A hornet (D:9)
  A wind drake (Lair:3)
  2 polar bears (Lair:3)
  3 blink frogs
  Sigmund (D:2)
  3 jumping spiders (Lair:3)
  2 culicivoras (Lair:3)
  2 spriggans (Lair:3)
  27 yaks
  2 wraiths (D:9)
  6 humans
  A basilisk (Lair:1)
  3 redbacks (Lair:3)
  7 water moccasins
  An orc warrior (D:7)
  3 ice beasts
  6 black bears
  A sky beast (D:5)
  3 wolves (Lair:3)
  An ogre (D:7)
  2 centaurs
  2 phantoms
  6 kobold brigands
  13 bullfrogs
  3 necrophages
  5 scorpions
  4 gnoll sergeants
  4 wights
  12 killer bees
  2 jellies
  A howler monkey (D:7)
  5 orc priests
  7 hounds
  5 gnoll shamans
  4 iguanas
  7 orc wizards
  26 gnolls
  7 adders
  2 shadow imps (D:6)
  2 ufetubi
  2 dart slugs
  23 orcs
  5 ball pythons
  2 endoplasms
  3 giant cockroaches
  8 goblins
  7 hobgoblins
  7 jackals
  2 quokkas
  5 bats
  A frilled lizard (D:1)
  21 kobolds
  3 rats
321 creatures vanquished.

Vanquished Creatures (others)
  A kobold brigand (D:9)
  15 fungi
  19 plants
35 creatures vanquished.

Grand Total: 356 creatures vanquished

Notes
Turn   | Place    | Note
-------+----------+-------------------------------------------
     0 | D:1      | chopper the Minotaur Fighter began the quest for the Orb.
     0 | D:1      | Reached XP level 1. HP: 19/19 MP: 0/0
   240 | D:1      | Reached XP level 2. HP: 18/27 MP: 1/1
   411 | D:1      | Found a faded altar of an unknown god.
  1590 | D:2      | Reached XP level 3. HP: 33/33 MP: 2/2
  1590 | D:2      | Noticed Sigmund
  1605 | D:2      | Killed Sigmund
  1606 | D:2      | Reached skill level 4 in Axes
  1606 | D:2      | Reached skill level 1 in Dodging
  1606 | D:2      | Reached XP level 4. HP: 17/40 MP: 3/3
  1606 | D:2      | Reached XP level 5. HP: 20/46 MP: 4/4
  2598 | D:3      | Found a hazy altar of Hepliaklqana.
  2598 | D:3      | Found a sacrificial altar of Ru.
  2600 | D:3      | Found a glowing silver altar of Zin.
  2600 | D:3      | Found a glowing golden altar of the Shining One.
  2610 | D:3      | Found a snail-covered altar of Cheibriados.
  2640 | D:3      | Reached skill level 5 in Axes
  2867 | D:3      | Reached skill level 5 in Armour
  2867 | D:3      | Reached XP level 6. HP: 53/53 MP: 5/5
  3484 | D:4      | Reached skill level 6 in Axes
  3484 | D:4      | Reached skill level 5 in Shields
  3484 | D:4      | Reached XP level 7. HP: 30/60 MP: 6/6
  3756 | D:4      | Reached skill level 1 in Stealth
  4316 | D:5      | Entered Level 5 of the Dungeon
  4334 | D:5      | Reached skill level 5 in Fighting
  4334 | D:5      | Reached skill level 7 in Axes
  4785 | D:5      | Reached XP level 8. HP: 68/68 MP: 7/7
  5080 | D:5      | Reached skill level 8 in Axes
  5741 | D:6      | Reached skill level 9 in Axes
  6093 | D:6      | Found Nathra's Distillery.
  6158 | D:6      | Reached XP level 9. HP: 78/78 MP: 8/8
  6187 | D:6      | Reached skill level 1 in Throwing
  6367 | D:6      | Reached skill level 10 in Axes
  6374 | D:6      | Identified the +1 hunting sling of Ignis's Hope {speed,
                  | Str+6}
  6943 | D:7      | Noticed Joseph
  6956 | D:7      | Killed Joseph
  7108 | D:7      | Reached skill level 11 in Axes
  7307 | D:7      | Found a staircase to the Ecumenical Temple.
  7380 | Temple   | Entered the Ecumenical Temple
  7779 | Temple   | Became a worshipper of Qazlal Stormbringer
  7811 | Temple   | Reached XP level 10. HP: 57/86 MP: 9/9
  8318 | D:8      | Found an opulent altar of Gozag.
  8405 | D:8      | Noticed a death yak
  8406 | D:8      | Noticed a death yak
  8428 | D:8      | Killed a death yak
  8429 | D:8      | Reached skill level 12 in Axes
  8611 | D:8      | Noticed a death yak
  8612 | D:8      | Found a staircase to the Lair.
  8889 | D:8      | Killed a death yak
  9343 | D:8      | Killed a death yak
  9344 | D:8      | Reached skill level 13 in Axes
  9806 | D:8      | Found a white marble altar of Elyvilon.
 10084 | D:8      | Upgraded the game from 0.29-a0-330-g52719c12eb to
                  | 0.29-a0-334-gb41bcbb86e
 10086 | Lair:1   | Entered Level 1 of the Lair of Beasts
 10090 | Lair:1   | Noticed a cane toad
 10096 | Lair:1   | Killed a cane toad
 10097 | Lair:1   | Reached XP level 11. HP: 95/95 MP: 10/10
 10330 | Lair:1   | Reached skill level 14 in Axes
 10330 | Lair:1   | Reached skill level 10 in Armour
 10656 | Lair:1   | Reached * piety under Qazlal
 11568 | Lair:1   | Got the Tome of the Dark Rocks
 11750 | Lair:2   | Noticed a six-headed hydra
 11769 | Lair:2   | Noticed Erica
 11900 | Lair:1   | Reached skill level 15 in Axes
 11936 | Lair:2   | Killed Erica
 12257 | Lair:2   | Noticed a catoblepas
 12292 | Lair:2   | Killed a catoblepas
 12508 | Lair:2   | Identified the +1 ring mail of Meczust {rPois Int-2 Dex+9}
 12596 | Lair:2   | Killed a nine-headed hydra
 12912 | Lair:2   | Reached XP level 12. HP: 106/106 MP: 11/11
 13100 | Lair:2   | Reached ** piety under Qazlal
 13110 | Lair:2   | Reached skill level 10 in Fighting
 14077 | Lair:3   | Reached skill level 16 in Axes
 14530 | Lair:3   | Found a hole to the Spider Nest.
 14539 | Lair:3   | Reached skill level 5 in Throwing
 14613 | Lair:3   | Found a staircase to the Shoals.
 15235 | Lair:3   | Identified the +8 ring mail "Qiuzxum" {+Blink rC+ Will-
                  | Int+4}
 15976 | D:9      | Reached skill level 10 in Shields
 16189 | D:9      | Found a runed translucent gate.
 16190 | D:9      | Found a runed translucent gate.
 16191 | D:9      | Found a runed translucent gate.
 16191 | D:9      | Noticed zishaf's ghost (journeyman VSBr)
 16675 | D:9      | Found a staircase to the Orcish Mines.
 16713 | D:9      | Found a blossoming altar of Fedhas.
 16825 | D:9      | Reached *** piety under Qazlal
 17075 | D:9      | Killed zishaf's ghost
 17076 | D:9      | Reached XP level 13. HP: 87/116 MP: 12/12
 17451 | D:9      | HP: 5/116 [poisoned by a kobold brigand (curare-tipped
                  | dart)]
 17454 | D:9      | HP: 1/116 [poisoned by a kobold brigand (curare-tipped
                  | dart)]
 17465 | D:9      | Asphyxiated

Illustrated notes

Levels and vault maps discovered:
D:1:      minmay_arrival_arboretum_small, layout_basic,
          dreamdust_ecumenical_altar_statues, serial_bayou_crossing
D:2:      layout_basic, uniq_sigmund
D:3:      layout_loops_cross, lemuel_doored_altar, mainiacjoe_overflow_alcove_3
D:4:      layout_rooms
D:5:      layout_cave_pools, amethyst_killhole
D:6:      layout_cave_pools, serial_gnoll_camp, gnoll_camp_mini_basic,
          gnoll_camp_huts_basic, gnoll_camp_mini_shop, gnoll_camp_mini_hut,
          gnoll_camp_mini_house, minmay_pentangle
D:7:      layout_cave_pools, minmay_temple_entry_waves, minmay_ruffians,
          uniq_joseph
D:8:      layout_rooms, lemuel_coloured_pillars_altar,
          mainiacjoe_overflow_concentric_impassable, dpeg_lair_monsters
D:9:      layout_basic, kennysheep_little_box, orc_0_dummy,
          gammafunk_ghost_nasty_kobolds
Temple:   nicolae_temple_figure_eight
Lair:1:   layout_cave_shapes
Lair:2:   layout_cave_pods, nicolae_lair_lil_pond, beast_lair_carwin_4,
          uniq_erica
Lair:3:   layout_chaotic_city, minmay_shoals_entry_beasts,
          nicolae_spider_entry_tight_spaces, nicolae_volcano_entry_hallway,
          forest_entry_grove, lemuel_fruit_tree

Skill      XL: |  1  2  3  4  5  6  7  8  9 10 11 12 |
---------------+-------------------------------------+-----
Shields        | 4 5 6 7 8 9 10 | 10.6
Armour         | 4 5 6 7 8 9 11 12 | 12.7
Fighting       | 4 5 6 7 8 9 11 | 11.4
Axes           | 4 5 6 7 9 11 13 15 16 | 16.6
Dodging        | 1 2 3 |  3.3
Stealth        | 1 |  1.2
Throwing       | 2 3 5 |  5.9
Evocations     | |  0.5

Action                   |  1- 3 |  4- 6 |  7- 9 | 10-12 | 13-15 || total
-------------------------+-------+-------+-------+-------+-------++-------
Melee: War axe           |    57 |    68 |   266 |   535 |    29 ||   955
       Headbutt          |     6 |    11 |    58 |   128 |     6 ||   209
Throw: Boomerang         |       |       |    38 |    81 |     8 ||   127
Evoke: Wand              |       |       |       |     4 |       ||     4
  Use: Scroll            |       |    10 |     7 |    13 |     2 ||    32
       Potion            |       |       |       |     3 |     2 ||     5
Armor: Scale mail        |    32 |       |       |       |       ||    32
       Chain mail        |    15 |    54 |   147 |       |       ||   216
       Plate armour      |       |       |       |   226 |    12 ||   238
Dodge: Dodged            |    43 |    28 |   143 |   212 |    12 ||   438
Block: Buckler           |    23 |    14 |   117 |   259 |    26 ||   439

Table legend: (Time is in decaauts)
 A = Elapsed time spent in this place.
 B = Non-inter-level travel time spent in this place.
 C = Inter-level travel time spent in this place.
 D = Time resting spent in this place.
 E = Time spent auto-exploring this place.
 F = Levels seen in this place.
 G = Mean time per level.
                   A        B        C        D        E       F      G
               +--------+--------+--------+--------+--------+-----+--------+
         Total |  17486 |  17486 |      0 |   4920 |      0 |  13 | 1345.1 |
       Dungeon |  11309 |  11309 |      0 |   2638 |      0 |   9 | 1256.6 |
        Temple |    549 |    549 |      0 |    247 |      0 |   1 |  549.0 |
          Lair |   5627 |   5627 |      0 |   2035 |      0 |   3 | 1875.7 |
               +--------+--------+--------+--------+--------+-----+--------+

Top non-repeatable levels by time:
  Lair:2: 2052 daAuts
  Lair:1: 1969 daAuts
     D:6: 1816 daAuts
     D:9: 1651 daAuts
  Lair:3: 1604 daAuts
     D:8: 1556 daAuts
     D:3: 1323 daAuts
     D:1: 1222 daAuts
     D:2: 1120 daAuts
     D:7: 1064 daAuts
     D:5: 827 daAuts
     D:4: 726 daAuts
  Temple: 549 daAuts
